 Dungeon Crawl Stone Soup version 0.30-a0-469-g84de5afbc5 (webtiles) character file.

Game seed: 15566294748071030744

61 MackTheKnife the Stinger (level 4, -3/32 HPs)
             Began as a Naga Venom Mage on Dec 19, 2022.
             Slain by a gnoll
             ... wielding a +0 spear
              (8 damage)
             ... on level 3 of the Dungeon.
             The game lasted 00:03:10 (2191 turns).

MackTheKnife the Stinger (Naga Venom Mage)          Turns: 2191, Time: 00:03:11

Health: -3/32      AC:  3    Str: 11    XL:     4   Next: 7%
Magic:  0/8        EV:  9    Int: 17    God:
Gold:   198        SH:  0    Dex:  9    Spells: 6/9 levels left

rFire   . . .      SeeInvis +    f - +0 short sword {short}
rCold   . . .      Faith    .    (no shield)
rNeg    . . .      Spirit   .    a - +0 robe
rPois   +          Reflect  .    s - +0 helmet
rElec   .          Harm     .    (no cloak)
rCorr   .          Rampage  .    (no gloves)
Will    .....                    (no barding)
Stlth   ++........               (no amulet)
HPRegen 0.25/turn                (no ring)
MPRegen 0.11/turn                (no ring)

@: very slow
A: AC +1, large, see invisible, deformed body, poison resistance, slowness 2,
spit poison 1, naga tail 1, clumsy 1, frail 1, no potion heal 1
a: Spit Poison


You were on level 3 of the Dungeon.
You visited 1 branch of the dungeon, and saw 3 of its levels.

You collected 198 gold pieces.


Innate Abilities, Weirdness & Mutations

Your serpentine skin is tough. (AC +1)
You have supernaturally acute eyesight. (SInv)
Armour fits poorly on your strangely shaped body.
Your system is resistant to poisons. (rPois)
You cover ground very slowly.
You can spit poison.
You have a snake-like lower body.
You are clumsy. (Dex -2)
You are frail. (-10% HP)
Potions are less effective at restoring your health.


   Skills:
 - Level 1.5 Dodging
 - Level 3.0 Stealth
 + Level 3.1 Spellcasting
 - Level 1.0 Transmutations
 + Level 5.3 Poison Magic


You had 6 spell levels left.
You knew the following spells:

 Your Spells              Type           Power      Damage    Failure   Level
a - Sting                 Tmut/Pois      52%        1d5       4%          1
b - Poisonous Vapours     Pois/Air       22%        N/A       9%          2

Your spell library contained the following spells:

 Spells                   Type           Power      Damage    Failure   Level
 Olgreb's Toxic Radiance  Pois           20%        N/A       19%         4
 Mephitic Cloud           Conj/Pois/Air  8%         N/A       26%         3

Inventory:

Hand Weapons
 f - a +0 short sword (weapon) {short}
   (You found it on level 1 of the Dungeon)
Armour
 a - a +0 robe (worn)
 d - a +0 robe
   (You found it on level 1 of the Dungeon)
 g - a +0 chain mail
   (You found it on level 2 of the Dungeon)
 i - a +0 ring mail
   (You found it on level 1 of the Dungeon)
 m - a +0 leather armour
   (You found it on level 1 of the Dungeon)
 n - a +0 ring mail
   (You found it on level 2 of the Dungeon)
 s - a +0 helmet (worn)
   (You found it on level 2 of the Dungeon)
 t - a +0 robe
   (You found it on level 2 of the Dungeon)
Scrolls
 e - a scroll of identify {@r1}
 h - a scroll of magic mapping {unknown}
 j - a scroll of teleportation {unknown}
 l - 2 scrolls of summoning {unknown}
 p - a scroll of blinking {unknown}
 q - a scroll of torment {unknown}
Potions
 b - 3 potions of magic
 c - 2 potions of cancellation
 k - a potion of curing {unknown}
 o - 3 potions of flight {unknown}
 r - 2 potions of brilliance {unknown}

Dungeon Overview and Level Annotations

Branches:
Dungeon (3/15) Zot: 15341

Altars:

.. .....#.###
............#
....#.......#
...#.......# .
..........# #)
#.#.>.....# #.g
#.#.......# ....
#.#)...ggg# #....
#.##.#.##@#
#.....##.##.#.##.#
....?.†gg.g.#.##.#
##.....g.g....##.#
#..###..##.####.#
... .....##.# #.#
. ..>......# #.#
..###$$.... ..# #
#######


You could see 3 gnolls.


Message History

Found a stone staircase leading down.
There is a stone staircase leading up here.
A kobold is nearby!
A kobold is nearby!
You can't see any susceptible monsters within range! (Use Z to cast anyway.)
You can't see any susceptible monsters within range! (Use Z to cast anyway.)
The sting hits the kobold.
The kobold is poisoned.
The kobold shouts!
You kill the kobold! 😎 MP[-1]
You lost 1 mp, and now have 7/8 mp.
You can't see any susceptible monsters within range! (Use Z to cast anyway.)
You can't see any susceptible monsters within range! (Use Z to cast anyway.)
Found a stone staircase leading down. 😎 MP[+1]
Your mp is fully restored (8).
A ball python comes into view.
A ball python is nearby!
A ball python is nearby!
The ball python hisses angrily.
You hear a shout!
A gnoll comes into view. It is wielding a +0 spear.
A gnoll comes into view. It is wielding a +0 whip.
The gnoll shouts!
The ball python closely misses you.
The gnoll moves out of view.
The sting hits the ball python.
The ball python is poisoned.
The ball python closely misses you.
A gnoll comes into view. It is wielding a +0 club. 😎 MP[-1]
You lost 1 mp, and now have 7/8 mp.
The sting hits the ball python.
The ball python looks even sicker.
You kill the ball python!
The gnoll shouts! 😎 MP[-1]
You lost 1 mp, and now have 6/8 mp.
Aiming: Spit Poison (1% risk of failure)
Press: ? - help, Shift-Dir - straight line, f - gnoll
Aim: a gnoll, wielding a +0 spear (65% to hit)
The splash of poison hits the gnoll.
The gnoll hits you from afar with a +0 spear. 😕 HP[-1]
You take 1 damage, and now have 31/32 hp. 😎 HP[+1]
Your hp is fully restored (32).
Casting: Sting (safe; 4% risk of failure)
Confirm with . or Enter, or press ? or * to list all spells.
Aiming: Poisonous Vapours (safe; 9% risk of failure)
Press: ? - help, Dir - move target, f/p - gnoll
Aim: a gnoll, wielding a +0 spear (heavily wounded) Poisonous vapours surround the gnoll!
The gnoll is poisoned.
The gnoll hits you from afar with a +0 spear. 😕 HP[-4] MP[-2]
You take 4 damage, and now have 28/32 hp.
You lost 2 mp, and now have 4/8 mp. 😕 HP[+1]
You have got your breath back.
The gnoll looks more healthy. 😕 MP[+1] 😕 HP[+1] 😕 HP[+1]
The gnoll attacks as you move away! The gnoll hits you with a +0 whip!
There is a stone staircase leading up here. 😮 HP[-10]
You take 10 damage, and now have 21/32 hp.
MASSIVE DAMAGE!! (PAUSE)
Casting: Poisonous Vapours (safe; 9% risk of failure)
Confirm with . or Enter, or press ? or * to list all spells.
Aiming: Poisonous Vapours (safe; 9% risk of failure)
Press: ? - help, Dir - move target, f - gnoll
Aim: a gnoll, wielding a +0 whip Poisonous vapours surround the gnoll!
The gnoll is poisoned.
The gnoll hits you with a +0 whip. 😮 HP[-4] MP[-1]
You take 4 damage, and now have 17/32 hp.
You lost 1 mp, and now have 4/8 mp.
Casting: Poisonous Vapours (safe; 9% risk of failure)
Confirm with . or Enter, or press ? or * to list all spells.
Aiming: Poisonous Vapours (safe; 9% risk of failure)
Press: ? - help, Dir - move target, f/p - gnoll
Aim: a gnoll, wielding a +0 whip (lightly wounded, poisoned) Poisonous vapours surround the gnoll!
The gnoll looks even sicker.
The gnoll hits you with a +0 whip.
* * * LOW HITPOINT WARNING * * *
😨 HP[-5] MP[-2]
You take 5 damage, and now have 12/32 hp.
You lost 2 mp, and now have 2/8 mp.
Casting: Poisonous Vapours (safe; 9% risk of failure)
Confirm with . or Enter, or press ? or * to list all spells.
Aiming: Poisonous Vapours (safe; 9% risk of failure)
Press: ? - help, Dir - move target, f/p - gnoll
Aim: a gnoll, wielding a +0 whip (moderately wounded, very poisoned) Poisonous vapours surround the gnoll!
The gnoll looks even sicker.
The gnoll hits you with a +0 whip!
* * * LOW HITPOINT WARNING * * *
😱 HP[-7] MP[-2]
You take 7 damage, and now have 5/32 hp.
MASSIVE DAMAGE!! (PAUSE)
You lost 2 mp, and now have 0/8 mp.
The gnoll barely misses you.
The gnoll hits you from afar with a +0 spear!
You die...

Skill      XL: |  1  2  3 |
---------------+----------+-----
Poison Magic   | 5 |  5.3
Spellcasting   | 3 |  3.1
Dodging        | |  1.5
Stealth        | |  3.0
Transmutations | |  1.0

Action                   |  1- 3 |  4- 6 || total
-------------------------+-------+-------++-------
Melee: Unarmed           |     6 |       ||     6
       Short sword       |    28 |     2 ||    30
       Punch             |     1 |       ||     1
 Cast: Sting             |    75 |     9 ||    84
       Poisonous Vapours |     1 |     4 ||     5
 Abil: Spit Poison       |    13 |     1 ||    14
  Use: Scroll            |     3 |       ||     3
       Potion            |     1 |       ||     1
Armor: Robe              |    24 |       ||    24
Dodge: Dodged            |    32 |     6 ||    38

Levels and vault maps discovered:
D:1:      lightli_arrival_windingriver, layout_loops_ring,
          chequers_serial_rivers_micro_b, amcnicky_mini_corridor_feature,
          ebering_dispersal_statue_hall
D:2:      layout_rooms, serial_aquarium, aquarium_bridge_square
          [aquarium_subvault_wall, aquarium_subvault_wall,
          aquarium_subvault_bridge, aquarium_subvault_bridge],
          aquarium_window_1, aquarium_window_fake, aquarium_window_2,
          aquarium_window_2, aquarium_view_2b, aquarium_view_2b,
          aquarium_balcony_3b, minmay_small_reverse_x
D:3:      layout_loops_ring, mainiacjoe_overflow_alcove_2, marbit_many_paths,
          minmay_misc_feat_plants, uniq_robin, uniq_crazy_yiuf_cottage,
          uniq_grinder, uniq_terence

Notes
Turn   | Place    | Note
-------+----------+-------------------------------------------
     0 | D:1      | MackTheKnife the Naga Venom Mage began the quest for the
                  | Orb.
     0 | D:1      | Reached XP level 1. HP: 15/15 MP: 3/3
     0 | D:1      | magus.rc [v1.9.6]
   241 | D:1      | Reached XP level 2. HP: 22/22 MP: 5/5
   505 | D:1      | Learned a level 2 spell: Poisonous Vapours
   624 | D:1      | Reached XP level 3. HP: 17/28 MP: 0/6
  1283 | D:2      | Reached skill level 5 in Poison Magic
  1541 | D:2      | Gained mutation: Potions are less effective at restoring
                  | your health. [potion of mutation]
  1541 | D:2      | Gained mutation: You have hidden genetic defects. [potion
                  | of mutation]
  1813 | D:2      | Gained mutation: You are frail. (-10% HP) [hidden defects]
  1869 | D:2      | Reached skill level 3 in Spellcasting
  1869 | D:2      | Reached XP level 4. HP: 26/32 MP: 4/8
  1885 | D:2      | Gained mutation: You are clumsy. (Dex -2) [hidden defects]
  1885 | D:2      | Lost mutation: You have hidden genetic defects. [hidden
                  | defects expressed]
  2190 | D:3      | HP: 5/32 [gnoll/+0 whip (7)]
  2191 | D:3      | Slain by a gnoll

Vanquished Creatures
  An adder (D:2)
  A worm (D:2)
  8 ball pythons
  10 bats
  5 endoplasms
  A giant cockroach (D:2)
  3 goblins
  4 hobgoblins
  3 kobolds
  2 quokkas
  2 frilled lizards
  5 rats
45 creatures vanquished.

Table legend:
 A = Non-vault XP
 B = Vault XP
 C = Vault XP percentage of total XP
 D = Non-vault monster count
 E = Vault monster count
 F = Vault count percentage of total count
                 A         B        C        D         E       F
            +---------+---------+-------+---------+---------+-------
      Total |      68 |      20 |  22.7 |      41 |       4 |   8.9
            +---------+---------+-------+---------+---------+-------
        D:1 |      38 |       0 |   0.0 |      25 |       0 |   0.0
        D:2 |      28 |      20 |  41.7 |      14 |       4 |  22.2
        D:3 |       2 |       0 |   0.0 |       2 |       0 |   0.0
            +---------+---------+-------+---------+---------+-------

Illustrated notes

Table legend:
 A = Kills in this place as a percentage of kills in entire the game.
 B = Kills by you in this place as a percentage of kills by you in the entire game.
 C = Kills by friends in this place as a percentage of kills by friends in the entire game.
 D = Other kills in this place as a percentage of other kills in the entire game.
 E = Experience gained in this place as a percentage of experience gained in the entire game.
 F = Experience gained in this place divided by the number of levels of this place that you have seen.
                   A       B       C       D       E      F
               +-------+-------+-------+-------+-------+----------------------
         Total | 100.0 | 100.0 |   N/A |   N/A | 100.0 |  29.3
       Dungeon | 100.0 | 100.0 |   N/A |   N/A | 100.0 |  29.3
               +-------+-------+-------+-------+-------+----------------------

Table legend: (Time is in decaauts)
 A = Elapsed time spent in this place.
 B = Non-inter-level travel time spent in this place.
 C = Inter-level travel time spent in this place.
 D = Time resting spent in this place.
 E = Time spent auto-exploring this place.
 F = Levels seen in this place.
 G = Mean time per level.
                   A        B        C        D        E       F      G
               +--------+--------+--------+--------+--------+-----+--------+
         Total |   2657 |   2592 |     65 |    124 |   2125 |   3 |  885.7 |
       Dungeon |   2657 |   2592 |     65 |    124 |   2125 |   3 |  885.7 |
               +--------+--------+--------+--------+--------+-----+--------+

Top non-repeatable levels by time:
     D:1: 1350 daAuts
     D:2: 1261 daAuts
     D:3: 46 daAuts
